 Dungeon Crawl Stone Soup version 0.29-a0-925-g0a7a3d12f8 (webtiles) character file.

Game seed: 10310856625836755990

96567 mainiacjoe the Thaumaturge (level 16, -5/115 HPs)
             Began as a Djinni Fire Elementalist on July 26, 2022.
             Was the Champion of Makhleb.
             Slain by a white very ugly thing (35 damage)
             ... in an ice cave on July 28, 2022.
             The game lasted 03:07:08 (31454 turns).

mainiacjoe the Thaumaturge (DjFE)                  Turns: 31454, Time: 03:07:09

Health: -5/115     AC: 13    Str:  7      XL:     16   Next: 67%
Gold:   1408       EV: 24    Int: 25 (26) God:    Makhleb [******] SH:  0 Dex: 21

rFire   + + +      SeeInvis +   a - staff of conjuration {!a}
rCold   . . .      Faith    .   r - +0 buckler
rNeg    . . .      Spirit   .   A - +2 robe {rC+ rF+} {Jorgrun}
rPois   ∞          Reflect  +   S - +2 helmet {SInv}
rElec   .          Harm     .   k - +2 cloak
rCorr   .          Rampage  .   g - +2 pair of gloves
Will    +....                   (boots unavailable)
Stlth   ++........              O - amulet of reflection
HPRegen 0.29/turn               M - ring "Plog" {EV+4 Dex+2}
MPRegen 0.00/turn               i - +6 ring of intelligence

@: confused, flying
A: sickness immunity, fire resistance 2, cold vulnerability 1, float, innate
caster, HP casting, extra vitality 1
a: Renounce Religion, Minor Destruction, Lesser Servant of Makhleb, Major
Destruction, Greater Servant of Makhleb


You were in an ice cave.
You worshipped Makhleb.
Makhleb was exalted by your worship.
You visited 4 branches of the dungeon, and saw 23 of its levels.
You also visited: Ice Cave.

You collected 2898 gold pieces.
You spent 1490 gold pieces at shops.

Inventory:

Hand Weapons
 b - a +0 rapier of venom
 w - a +2 dagger of electrocution
 I - a +5 dagger
Missiles
 n - 57 poisoned darts (quivered)
Armour
 c - a +1 kite shield of cold resistance
 g - a +2 pair of gloves (worn)
 k - a +2 cloak (worn)
 r - a +0 buckler (worn)
 A - a +2 robe of resistance (worn) {Jorgrun}
 S - a +2 helmet of see invisible (worn)
Magical Staves
 a - a staff of conjuration (weapon) {!a}
Jewellery
 i - a +6 ring of intelligence (right hand)
 M - the ring "Plog" (left hand) {EV+4 Dex+2}
   (You found it on level 14 of the Dungeon)

   [ring of evasion]

   EV:        It affects your evasion (+4).
   Dex:       It affects your dexterity (+2).
 O - an amulet of reflection (around neck)
Wands
 h - a wand of digging (17)
 o - a wand of flame (89)
 s - a wand of charming (4)
 F - a wand of quicksilver (6)
 K - a wand of mindburst (10)
 Z - a wand of polymorph (11)
Scrolls
 m - 5 scrolls of fog
 G - a scroll of vulnerability
 H - 4 scrolls of blinking
 J - 6 scrolls of immolation
 N - a scroll of teleportation
 Q - 2 scrolls of poison
 T - a scroll of silence
 X - 2 scrolls of fear
Potions
 e - 3 potions of resistance
 f - 12 potions of curing
 l - 6 potions of mutation
 p - 2 potions of heal wounds
 u - 5 potions of lignification
 x - 4 potions of haste
 B - 2 potions of attraction
 C - 2 potions of berserk rage
 D - 2 potions of cancellation
 V - 6 potions of might
 W - 2 potions of brilliance
Miscellaneous
 t - a lightning rod (4/4)
 v - a phial of floods
 y - a piece from Xom's chessboard (15/15)
 Y - a tin of tremorstones (2/2)


   Skills:
 - Level 10.8 Fighting
 - Level 10.0 Short Blades
 - Level 10.9 Dodging
 - Level 10.7 Stealth
 * Level 9.0 Shields
 + Level 12.7 Spellcasting
 - Level 5.0 Invocations
 - Level 5.0 Evocations


You had one spell level left.
You knew the following spells:

 Your Spells              Type           Power      Damage    Failure   Level
a - Freezing Cloud        Conj/Ice/Air   43%        6-21      1%          5
b - Iron Shot             Conj/Erth      43%        9d8       3%          6
c - Inner Flame           Hex/Fire       68%        N/A       1%          3
d - Summon Lightning Spi  Summ/Air       68%        N/A       1%          4
e - Flame Wave            Conj/Fire      87%        2d19      1%          4
f - Scorch                Fire           100%       2d10      1%          2
g - Metabolic Englaciati  Hex/Ice        34%        N/A       1%          5
h - Foxfire               Conj/Fire      100%       2x1d9     1%          1
i - Slow                  Hex            100%       N/A       1%          1
j - Conjure Flame         Conj/Fire      87%        6-21      1%          3
w - Swiftness             Air            68%        N/A       1%          3
z - Passwall              Tmut/Erth      56%        N/A       1%          2
Your spell library was empty.

Dungeon Overview and Level Annotations

Branches:
Dungeon (15/15)            Temple (1/1) D:6            Lair (5/5) D:11
  Swamp (0/4) Lair:3        Snake (0/4) Lair:3        Slime (0/5) Lair:5
    Orc (2/2) D:12            Elf (0/3) Orc:2        Vaults (0/5) D:14
  IceCv (1/1)
 Depths: D:15

Altars:
Ashenzari
Cheibriados
Dithmenos
Elyvilon
Fedhas
Gozag
Hepliaklqana
Makhleb
Nemelex Xobeh
Okawaru
Qazlal
Ru
Trog
Uskayaw
Wu Jian
Xom
Yredelemnul
Zin
The Shining One

Shops:
D:4 :   D:7 =   D:8 [   Orc:2 ?(*[

Annotations:
D:9 exclusion: downstairs
D:15 3 exclusions IceCv 1 transporter, exclusion: orange crystal statue


Innate Abilities, Weirdness & Mutations

You are immune to sickness and miasma.
You are immune to poison.
Your flesh is very heat resistant. (rF++)
You are vulnerable to cold. (rC-)
You float through the air rather than walking.
You learn spells naturally, not from books.
Your magical power is your life essence.
You have superior vitality. (+4 MHP)


Message History

Confirm with . or Enter, or press ? or * to list all spells.
Casting: Flame Wave (safe; 1% risk of failure)
Press: ? - help, Dir - look around, f - activate You feel a surge of power!
A wave of flame ripples out!
The flame wave engulfs the white very ugly thing!!
The white very ugly thing is lightly wounded.
The flame wave engulfs the freezing wraith!!
The freezing wraith is burned terribly!
The freezing wraith is severely damaged.
The flame wave engulfs the freezing wraith!
The freezing wraith is burned terribly!
The freezing wraith is moderately damaged. (Press . to intensify the flame waves.)
You block the white very ugly thing's attack.
You block the freezing wraith's attack. The freezing wraith closely misses you.
The freezing wraith barely misses you. The freezing wraith misses you.
A wave of flame ripples out!
The flame wave engulfs the white very ugly thing!!
The white very ugly thing is heavily wounded.
The flame wave engulfs the freezing wraith!!
The freezing wraith is burned terribly!
You destroy the freezing wraith!
Makhleb accepts your kill.
The flame wave engulfs the freezing wraith!!
The freezing wraith is burned terribly!
The freezing wraith is almost destroyed.
The white very ugly thing closely misses you.
The orange crystal statue glitters.
You are confused.
The freezing wraith closely misses you. The freezing wraith barely misses you.
The white very ugly thing claws you! The white very ugly thing freezes you!!
* * * LOW HITPOINT WARNING * * *
The freezing wraith closely misses you.
The freezing wraith hits you but does no damage.
Unknown command.
You are too confused!
You feel much better. The white very ugly thing claws you!
* * * LOW HITPOINT WARNING * * *
The white very ugly thing freezes you!!
You die...

##...........##
#.............#
#....8...8....#
#......:......#
##......(....#
#.....©.....#
##...8©8...##
###########
#8..@..8#
#8..u.W..8#
#8.........8#
#.....)}(.....#
#©...))8=?...∩#
###############


You could see a white very ugly thing, an orange crystal statue and a freezing
wraith.

Vanquished Creatures
  Saint Roka (Orc:2)
  Jorgrun (Orc:2)
  3 orc warlords
  2 very ugly things
  A yaktaur captain (D:14)
  Josephine (D:12)
  Fannar (Lair:2)
  A boulder beetle (D:14)
  6 hydras
  A merfolk avatar (Lair:5)
  4 tengu warriors
  6 two-headed ogres
  6 centaur warriors
  Urug (Lair:4)
  2 orc high priests (Orc:2)
  3 skeletal warriors (D:14)
  A sea snake (Lair:5)
  3 bog bodies (Lair:3)
  A deep elf pyromancer (D:14)
  18 ugly things
  2 orc knights (Orc:2)
  6 manticores
  4 cyclopes
  5 orc sorcerers
  5 elephants
  A black mamba (Lair:5)
  A gargoyle (D:12)
  Joseph (D:9)
  An unseen horror (D:13)
  An eye of devastation (Lair:5)
  14 cane toads
  An efreet (D:14)
  2 yaktaurs (D:14)
  2 freezing wraiths
  A kobold demonologist (D:12)
  6 rime drakes
  6 komodo dragons
  3 tengu conjurers
  A golden dragon simulacrum (IceCv)
  9 trolls
  Grinder (D:3)
  A burning bush (Lair:1)
  2 polar bears (Lair:5)
  A wind drake (Lair:5)
  A tyrant leech (Lair:2)
  2 meliai (D:13)
  3 hornets (Lair:5)
  A wind drake (shapeshifter) (D:13)
  11 slime creatures
  A snapping turtle (Lair:5)
  4 blink frogs
  Sigmund (D:2)
  6 wraiths
  3 shadows (D:11)
  36 yaks
  2 vampires
  3 wyverns
  2 basilisks
  4 steam dragons
  2 harpy simulacra (IceCv)
  5 wargs
  2 nagas (Lair:3)
  13 water moccasins
  Edmund (D:5)
  2 swamp worms
  3 acid dragons
  2 hydra simulacra (IceCv)
  A floating eye (Lair:5)
  A meliai simulacrum (D:11)
  24 orc warriors
  5 ice beasts
  An alligator simulacrum (IceCv)
  2 sky beasts (D:7)
  3 black bears
  11 wolves
  6 ogres
  9 centaurs
  A kobold brigand (D:8)
  3 necrophages
  2 scorpions
  14 bullfrogs
  A gnoll sergeant (D:11)
  16 wights
  A hornet simulacrum (D:14)
  16 killer bees
  An electric eel (Lair:3)
  8 howler monkeys
  5 hounds
  17 orc priests
  2 jellies
  5 iguanas
  Natasha (thrice) (D:2)
  23 orc wizards
  7 gnolls
  6 adders
  2 shadow imps
  2 white imps
  An ufetubus (D:5)
  4 worms
  A dart slug (D:4)
  64 orcs
  9 ball pythons
  15 endoplasms
  3 giant cockroaches
  4 goblins
  5 hobgoblins
  6 quokkas
  3 bats
  4 frilled lizards
  30 kobolds
  3 rats (D:3)
  A bush (Lair:1)
601 creatures vanquished.

Vanquished Creatures (collateral kills)
  A boulder beetle (D:11)
  A catoblepas (Lair:5)
  A death yak (Lair:1)
  A harpy (Lair:5)
  A lindwurm (Lair:4)
  An orc knight (Orc:2)
  A manticore (Lair:5)
  An elephant (Lair:4)
  A black mamba (Lair:2)
  The ghost of spiderkeys the Destroyer, a novice OpCj of Gozag (D:6)
  A torpor snail (Lair:1)
  2 cane toads
  Maggie (D:7)
  3 komodo dragons
  A polar bear (Lair:3)
  A meliai (D:13)
  A vampire (D:11)
  A shadow (D:11)
  14 yaks
  A wraith (D:12)
  2 wyverns
  2 vampire mosquitoes (D:11)
  2 wargs (Orc:2)
  A harpy simulacrum (IceCv)
  An acid dragon (D:12)
  3 water moccasins
  4 orc warriors (Orc:2)
  An ogre (Orc:2)
  4 wolves
  2 kobold brigands
  3 bullfrogs
  A wight (D:8)
  3 killer bees (D:8)
  A lindwurm simulacrum (IceCv)
  2 howler monkeys (D:8)
  An orc priest (D:8)
  An iguana (D:7)
  An orc wizard (Orc:2)
  3 orcs
  5 foxfires
79 creatures vanquished.

Vanquished Creatures (others)
  An orc wizard (D:7)
  A bush (Lair:4)
  620 foxfires
  28 fungi
  68 plants
  9 toadstools (D:2)
  12 withered plants (D:15)
739 creatures vanquished.

Grand Total: 1419 creatures vanquished

Notes
Turn   | Place    | Note
-------+----------+-------------------------------------------
     0 | D:1      | mainiacjoe the Djinni Fire Elementalist began the quest for
                  | the Orb.
     0 | D:1      | mainiacjoe set off with the following spells memorised:
                  | Foxfire, Scorch, Conjure Flame, Inner Flame, Flame Wave.
     0 | D:1      | Reached XP level 1. HP: 15/15 MP: 0/0
   360 | D:1      | Reached XP level 2. HP: 22/22 MP: 0/0
   962 | D:2      | Reached skill level 1 in Fighting
  1002 | D:2      | Reached XP level 3. HP: 24/27 MP: 0/0
  1002 | D:2      | Learned a level 1 spell: Slow
  1511 | D:2      | Noticed Sigmund
  1517 | D:2      | Killed Sigmund
  1518 | D:2      | Reached skill level 3 in Spellcasting
  1518 | D:2      | Reached XP level 4. HP: 23/35 MP: 0/0
  1518 | D:2      | Reached XP level 5. HP: 26/40 MP: 0/0
  1518 | D:2      | Learned a level 2 spell: Passwall
  1518 | D:2      | Reached XP level 6. HP: 30/46 MP: 0/0
  1720 | D:2      | Noticed Natasha
  1729 | D:2      | Killed Natasha
  1859 | D:2      | Noticed Natasha
  1872 | D:2      | Killed Natasha
  2040 | D:2      | Found a faded altar of an unknown god.
  2087 | D:2      | Noticed Natasha
  2092 | D:2      | Killed Natasha
  2941 | D:3      | Reached XP level 7. HP: 44/51 MP: 0/0
  2941 | D:3      | Learned a level 3 spell: Swiftness
  2969 | D:3      | Reached skill level 4 in Spellcasting
  3108 | D:3      | Noticed Grinder
  3108 | D:3      | Paralysed by Grinder for 5 turns
  3117 | D:3      | Killed Grinder
  3710 | D:4      | Reached XP level 8. HP: 47/58 MP: 0/0
  4095 | D:4      | Found Bivvest's Tremendous Tomes.
  4415 | D:5      | Entered Level 5 of the Dungeon
  4432 | D:5      | Reached skill level 5 in Dodging
  4432 | D:5      | Reached skill level 5 in Spellcasting
  4435 | D:5      | Reached skill level 5 in Fighting
  5035 | D:5      | Found a snail-covered altar of Cheibriados.
  5237 | D:6      | Reached skill level 5 in Stealth
  5337 | D:6      | Reached skill level 1 in Evocations
  5337 | D:6      | Reached XP level 9. HP: 54/65 MP: 0/0
  5337 | D:6      | Learned a level 4 spell: Summon Lightning Spire
  5469 | D:6      | Found a runed translucent door.
  5731 | D:6      | Found a runed translucent door.
  5733 | D:6      | Noticed spiderkeys's ghost (novice OpCj)
  6011 | D:6      | Found a glowing golden altar of the Shining One.
  6113 | D:6      | Noticed Edmund
  6317 | D:5      | Killed Edmund
  6620 | D:6      | Found a staircase to the Ecumenical Temple.
  6629 | Temple   | Entered the Ecumenical Temple
  6820 | Temple   | Became a worshipper of Makhleb the Destroyer
  7141 | D:7      | Noticed Maggie
  7202 | D:7      | Reached skill level 6 in Spellcasting
  7295 | D:7      | Reached skill level 1 in Invocations
  7408 | D:7      | Found Totewawuufa's Jewellery Boutique.
  7523 | D:7      | Reached XP level 10. HP: 23/70 MP: 0/0
  8215 | D:7      | Reached skill level 7 in Spellcasting
  8799 | D:7      | Killed Maggie
  9217 | D:8      | Reached skill level 5 in Evocations
  9329 | D:8      | Reached * piety under Makhleb
  9389 | D:8      | Found Loivy's Antique Armour Boutique.
  9659 | D:8      | Reached skill level 8 in Spellcasting
  9690 | D:8      | Reached XP level 11. HP: 19/76 MP: 0/0
  9690 | D:8      | Learned a level 5 spell: Freezing Cloud
 10351 | D:8      | Upgraded the game from 0.29-a0-919-gd064cfad1c to
                  | 0.29-a0-923-g6e406bff71
 10520 | D:9      | Reached ** piety under Makhleb
 10959 | D:9      | Noticed a manticore
 11053 | D:7      | Bought an amulet of reflection for 360 gold pieces
 11265 | D:9      | Noticed a two-headed ogre
 11277 | D:9      | Killed a two-headed ogre
 11430 | D:9      | Noticed Joseph
 11731 | D:10     | Entered Level 10 of the Dungeon
 12196 | D:10     | Noticed a two-headed ogre
 12208 | D:10     | Killed a two-headed ogre
 13215 | D:6      | Killed spiderkeys's ghost
 13345 | D:11     | Noticed a two-headed ogre
 13352 | D:11     | Found a staircase to the Lair.
 13356 | D:11     | Reached *** piety under Makhleb
 13357 | D:11     | Reached skill level 9 in Spellcasting
 13358 | D:11     | Reached skill level 1 in Short Blades
 13412 | Lair:1   | Entered Level 1 of the Lair of Beasts
 13607 | Lair:1   | Reached XP level 12. HP: 74/85 MP: 0/0
 13699 | Lair:1   | Reached skill level 5 in Short Blades
 13809 | Lair:1   | Found the +18 Lear's hauberk
 14061 | Lair:1   | Noticed a death yak
 14242 | Lair:1   | HP: 1/85 [death yak[a torpor snail] (23)]
 14715 | Lair:1   | Killed a death yak
 14840 | Lair:2   | Noticed a four-headed hydra
 14847 | Lair:2   | Killed a four-headed hydra
 15285 | Lair:2   | Noticed Fannar
 15293 | Lair:2   | Killed Fannar
 15761 | Lair:2   | Reached XP level 13. HP: 76/90 MP: 0/0
 15761 | Lair:2   | Learned a level 5 spell: Metabolic Englaciation
 16187 | Lair:2   | Reached skill level 10 in Short Blades
 16487 | Lair:3   | Reached **** piety under Makhleb
 16768 | Lair:3   | Found a staircase to the Snake Pit.
 17069 | Lair:3   | Reached skill level 1 in Shields
 17396 | Lair:3   | Found a staircase to the Swamp.
 17608 | Lair:4   | Noticed Urug
 17617 | Lair:4   | Killed Urug
 18418 | Lair:4   | Reached skill level 10 in Stealth
 18760 | Lair:4   | Found an opulent altar of Gozag.
 18916 | Lair:5   | Entered Level 5 of the Lair of Beasts
 19093 | Lair:5   | Noticed a four-headed hydra
 19137 | Lair:5   | Found a staircase to the Slime Pits.
 20105 | Lair:4   | Found an opulent altar of Gozag.
 20118 | Lair:4   | Killed a four-headed hydra
 20185 | Lair:5   | Reached XP level 14. HP: 84/97 MP: 0/0
 20355 | Lair:5   | Reached ***** piety under Makhleb
 20866 | Lair:5   | Reached skill level 10 in Spellcasting
 21732 | Lair:5   | Reached skill level 10 in Dodging
 21763 | Lair:5   | Reached skill level 10 in Fighting
 22108 | Lair:5   | Identified the +8 whip "Spiderslayer" {vorpal, rElec rN+
                  | Dex-2}
 22114 | Lair:5   | Identified a scroll of acquirement
 22131 | Lair:5   | Acquired 700 gold pieces
 22450 | D:7      | Bought a +6 ring of intelligence for 432 gold pieces
 22548 | D:9      | Killed Joseph
 22921 | D:11     | Reached skill level 5 in Invocations
 23343 | D:11     | Reached XP level 15. HP: 48/107 MP: 0/0
 23343 | D:11     | Learned a level 6 spell: Iron Shot
 24142 | D:12     | Noticed Josephine
 24146 | D:12     | Killed Josephine
 24147 | D:12     | Reached skill level 11 in Spellcasting
 24719 | D:12     | Found a staircase to the Orcish Mines.
 25133 | Orc:1    | Entered Level 1 of the Orcish Mines
 25160 | Orc:1    | Found a burning altar of Makhleb.
 25265 | Orc:1    | You are sucked into a shaft and drop 1 floor!
 25265 | Orc:2    | Entered Level 2 of the Orcish Mines
 25274 | Orc:1    | Upgraded the game from 0.29-a0-923-g6e406bff71 to
                  | 0.29-a0-925-g0a7a3d12f8
 25331 | Orc:2    | Found Hirgheqea's Magic Scroll Boutique.
 25343 | Orc:2    | Bought a scroll of identify for 24 gold pieces
 25366 | Orc:2    | Found a staircase to the Elven Halls.
 25400 | Orc:2    | Reached ****** piety under Makhleb
 25787 | Orc:1    | Noticed an orc warlord
 25794 | Orc:1    | Killed an orc warlord
 25838 | Orc:1    | Reached skill level 12 in Spellcasting
 26490 | Orc:2    | Noticed Jorgrun
 26507 | Orc:2    | Killed Jorgrun
 26706 | Orc:2    | Noticed Saint Roka
 26933 | Orc:2    | Killed Saint Roka
 27471 | Orc:2    | Noticed an orc warlord
 27478 | Orc:2    | Killed an orc warlord
 27628 | Orc:2    | Found Xetom's Antique Armour Shoppe.
 27695 | Orc:2    | Found Qeamaizol's General Store.
 27727 | Orc:2    | Bought a scroll of identify for 20 gold pieces
 27738 | Orc:2    | Found Vikhes's Antique Weapon Shoppe.
 27820 | Orc:2    | Noticed an orc warlord
 27826 | Orc:2    | Killed an orc warlord
 27990 | Orc:2    | Found Cuituegh's Jewellery Shoppe.
 28062 | Orc:2    | Bought a glowing helmet for 195 gold pieces
 28105 | Orc:2    | Bought a scroll of silence for 114 gold pieces
 28105 | Orc:2    | Bought a scroll of enchant armour for 90 gold pieces
 28105 | Orc:2    | Bought a scroll of magic mapping for 90 gold pieces
 28105 | Orc:2    | Bought a scroll of poison for 48 gold pieces
 28143 | Orc:2    | Bought a kite shield for 117 gold pieces
 28507 | D:13     | Reached XP level 16. HP: 53/115 MP: 0/0
 28747 | D:13     | Reached skill level 5 in Shields
 30566 | D:14     | Found a gate to the Vaults.
 30593 | D:14     | Identified the ring "Plog" {EV+4 Dex+2}
 30952 | D:15     | Entered Level 15 of the Dungeon
 31158 | D:15     | Found a frozen archway.
 31305 | IceCv    | Entered an ice cave
 31411 | IceCv    | Found a transporter.
 31432 | IceCv    | Found a transporter.
 31454 | IceCv    | Slain by a white very ugly thing

Illustrated notes

Levels and vault maps discovered:
D:1:      dpeg_arrival_lava_temple_mockup, layout_rooms
D:2:      cheibrodos_fertilizer, layout_basic,
          hellmonk_ecumenical_altar_inner_sanctum, serial_glass,
          glass_columns_b, glass_columns_b, uniq_natasha, uniq_sigmund
D:3:      layout_basic, uniq_grinder
D:4:      layout_basic, serial_park_tiny_1, nicolae_shop_i_like_big_books,
          minmay_quadrilaterals
D:5:      layout_cave_pools, kennysheep_mini, st_stairs_8,
          kennysheep_small_square
D:6:      layout_rooms, mainiacjoe_overflow_alcove_2,
          minmay_temple_entry_antechambers, ebering_ghost_sewer_f, uniq_edmund
D:7:      layout_loops_ring, serial_shops, nicolae_shop_hallway_stairs,
          minmay_starry_boxes, uniq_maggie
D:8:      layout_gridville, serial_shops, nicolae_stop_n_shop_2
D:9:      layout_basic, uniq_joseph
D:10:     layout_gridville, nicolae_fountain_basement
D:11:     hangedman_cross_cluster, layout_rooms
D:12:     layout_cave_pools, orc_0_dummy, uniq_josephine
D:13:     layout_loops_ring, special_room [special_room_orc]
D:14:     layout_stronghold, david_vaults_2, dk_noncrumbling_3
D:15:     gammafunk_depths_entry_grave, layout_cave_pods,
          portal_ice_cave_entry_ugly_swarm
Temple:   nicolae_temple_slightly_damp_pantheon
Lair:1:   layout_roguey, st_stairs_10, chequers_serial_rivers_small_b,
          evilmike_ambush [evilmike_ambush_outer_basic,
          evilmike_ambush_inner_basic], infiniplex_staircase_pool_2
Lair:2:   layout_roguey, worms_lemuel, uniq_fannar
Lair:3:   layout_hall_layers, nicolae_swamp_entry_splash_gauntlet,
          guppyfry_snake_entry_garden
Lair:4:   layout_gridlike, basic_altar, uniq_urug
Lair:5:   gammafunk_lair_ancient_temple, layout_big_grid,
          minmay_slime_entry_eyes, hangedman_lair_generics_rect,
          serial_bayou_shore_a
Orc:1:    layout_diamond_mine, bloody_makhleb
Orc:2:    grunt_orc_cross, layout_caves, serial_shops, shop,
          hellmonk_bongcloud_opening, uniq_jorgrun, uniq_saint_roka
IceCv:    ice_cave_statue_garden_transporter

Skill      XL: |  1  2  3  4  5  6  7  8  9 10 11 12 13 14 15 16 |
---------------+-------------------------------------------------+-----
Fighting       | 1 3 4 5 7 10 | 10.8
Dodging        | 3 4 5 7 8 10 | 10.9
Spellcasting   | 3 4 5 6 8 9 10 12 | 12.7
Stealth        | 5 6 7 10 | 10.7
Evocations     | 1 3 5 |  5.0
Invocations    | 2 3 5 |  5.0
Short Blades   | 3 9 10 | 10.0
Shields        | 4 9 |  9.0

Action                   |  1- 3 |  4- 6 |  7- 9 | 10-12 | 13-15 | 16-18 || total
-------------------------+-------+-------+-------+-------+-------+-------++-------
Melee: Dagger            |     1 |       |       |       |    28 |    16 ||    45
       Rapier            |       |     1 |     5 |    22 |    30 |    25 ||    83
       Whip              |       |       |    11 |     7 |       |       ||    18
       Flail             |       |       |       |     2 |       |       ||     2
 Fire: Sling             |     2 |       |       |    30 |     1 |       ||    33
Throw: Dart              |       |     3 |     1 |     7 |     1 |     3 ||    15
 Cast: Foxfire           |    31 |    34 |    97 |    48 |   150 |     8 ||   368
       Scorch            |     7 |    21 |    63 |    89 |    72 |     5 ||   257
       Inner Flame       |     1 |     3 |    33 |    35 |     1 |       ||    73
       Summon Lightning  |       |       |     1 |    37 |    58 |     2 ||    98
       Swiftness         |       |       |     1 |     1 |       |       ||     2
       Flame Wave        |       |       |       |    14 |    53 |    10 ||    77
       Passwall          |       |       |       |     3 |    23 |     8 ||    34
       Slow              |       |       |       |     1 |     1 |       ||     2
       Freezing Cloud    |       |       |       |    31 |   120 |     5 ||   156
       Metabolic Englaci |       |       |       |       |     5 |     1 ||     6
       Conjure Flame     |       |       |       |       |     1 |       ||     1
       Iron Shot         |       |       |       |       |    60 |    70 ||   130
Invok: Lesser Servant of |       |       |       |     1 |     3 |     4 ||     8
       Minor Destruction |       |       |       |       |     1 |       ||     1
Evoke: Wand              |       |       |     1 |     6 |     4 |       ||    11
  Use: Scroll            |     5 |       |     7 |     8 |    17 |     1 ||    38
       Potion            |       |       |     1 |     7 |       |     3 ||    11
 Stab: Sleeping          |       |       |     1 |     1 |    19 |     6 ||    27
       Distracted        |       |       |       |     2 |       |       ||     2
Armor: Robe              |     1 |     3 |     2 |       |    47 |    17 ||    70
       Steam dragon scal |       |       |       |    22 |       |       ||    22
Dodge: Dodged            |       |     3 |    23 |    71 |    80 |    52 ||   229
Block: Buckler           |       |       |     1 |    27 |    68 |    40 ||   136
       Reflection        |       |       |       |       |    15 |     7 ||    22

Table legend: (Time is in decaauts)
 A = Elapsed time spent in this place.
 B = Non-inter-level travel time spent in this place.
 C = Inter-level travel time spent in this place.
 D = Time resting spent in this place.
 E = Time spent auto-exploring this place.
 F = Levels seen in this place.
 G = Mean time per level.
                   A        B        C        D        E       F      G
               +--------+--------+--------+--------+--------+-----+--------+
         Total |  31463 |  29730 |   1733 |   8432 |  15907 |  24 | 1311.0 |
       Dungeon |  18986 |  17972 |   1014 |   4797 |  10062 |  15 | 1265.7 |
        Temple |    210 |    166 |     44 |      0 |    144 |   1 |  210.0 |
          Lair |   9053 |   8568 |    485 |   2708 |   4456 |   5 | 1810.6 |
  Orcish Mines |   3064 |   2876 |    188 |    839 |   1245 |   2 | 1532.0 |
      Ice Cave |    148 |    148 |      0 |     88 |      0 |   1 |  148.0 |
               +--------+--------+--------+--------+--------+-----+--------+

Top non-repeatable levels by time:
  Lair:4: 2342 daAuts
  Lair:5: 2118 daAuts
     D:7: 2011 daAuts
     D:2: 1992 daAuts
   Orc:2: 1985 daAuts
    D:11: 1734 daAuts
  Lair:3: 1687 daAuts
     D:6: 1625 daAuts
     D:8: 1614 daAuts
  Lair:2: 1453 daAuts
  Lair:1: 1451 daAuts
    D:10: 1421 daAuts
    D:13: 1414 daAuts
     D:9: 1178 daAuts
     D:5: 1110 daAuts
